 Dungeon Crawl Stone Soup version 0.31-a0-521-gc7390f8997 (webtiles) character file.

Game seed: 12370700077629942757

3885 IdlyInterested the Martial Artist (level 10, -4/71 HPs)
             Began as a Demonspawn Gladiator on Aug 10, 2023.
             Slain by a very large slime creature (32 damage)
             ... on level 7 of the Dungeon.
             The game lasted 00:22:13 (7586 turns).

IdlyInterested the Martial Artist (DsGl)            Turns: 7586, Time: 00:22:14

Health: -4/71      AC: 14    Str: 14    XL:     10   Next: 0%
Magic:  10/10      EV: 14    Int: 15    God:
Gold:   356        SH:  4    Dex: 28    Spells: 9/9 levels left

rFire   . . .        e - +1 dagger (speed)
rCold   . . .        (no shield)
rNeg    . . .        q - +1 ring mail
rPois   .            o - melded +0 helmet
rElec   .            (cloak currently unavailable)
rCorr   .            (gloves currently unavailable)
SInv    .            (boots currently unavailable)
Will    .....        (no amulet)
Stlth   ++           l - +6 ring of intelligence
HPRegen 0.31/turn    t - +6 ring of dexterity
MPRegen 0.12/turn

%: no passive effects
@: beast-form
A: beast (slay +1), foul stench 1, icemail 2, condensation shield, demonic touch
2, agile 1, deterioration 1
a: Begin Untransformation


You were on level 7 of the Dungeon.
You were a hulking beast.
You visited 1 branch of the dungeon, and saw 7 of its levels.

You collected 356 gold pieces.

Inventory:

Hand Weapons
 a - a +0 rapier
 e - a +1 dagger of speed (weapon)
 u - a +0 falchion
Missiles
 d - 4 throwing nets
 h - 37 stones (quivered)
 j - 3 javelins
 B - 10 poisoned darts
Armour
 o - a +0 helmet (melded)
 q - a +1 ring mail (worn)
 A - a +0 robe of positive energy
Jewellery
 l - a +6 ring of intelligence (left hand)
 s - the ring of the Meadowlark {Fire *Corrode Str+4}
   (You found it on level 6 of the Dungeon)

   [ring of fire]

   Fire:      It enhances your fire magic.
   Str+4:     It affects your strength (+4).
   rF+:       It protects you from fire.
   rC-:       It makes you vulnerable to cold.
   *Corrode:  It may corrode you when you take damage.
 t - a +6 ring of dexterity (right hand)
 v - a ring of positive energy
 y - a ring of ice
Talismans
 n - a beast talisman (active)
Scrolls
 b - a scroll of fear
 k - 2 scrolls of amnesia {unknown}
 p - a scroll of poison {unknown}
 r - 3 scrolls of teleportation
 x - a scroll of revelation {unknown}
 z - 3 scrolls of enchant armour
 D - a scroll of vulnerability {unknown}
Potions
 c - a potion of ambrosia
 f - 2 potions of lignification
 g - 2 potions of mutation
 i - 2 potions of enlightenment
 m - 3 potions of brilliance
 w - a potion of curing
 C - 2 potions of attraction


   Skills:
 - Level 4.0 Fighting
 * Level 8.0 Short Blades
 - Level 2.0 Throwing
 - Level 2.0 Armour
 - Level 4.0 Dodging
 - Level 2.0 Stealth
 + Level 8.9 Unarmed Combat
 - Level 2.0 Shapeshifting


You had 9 spell levels left.
You didn't know any spells.
Your spell library contained the following spells:

 Spells                   Type           Power      Damage    Failure   Level
 Apportation              Tloc           0%         N/A       47%         1
 Necrotise                Necr           0%         1d4       47%         1
 Summon Small Mammal      Summ           0%         N/A       47%         1
 Cigotuvi's Dreadful Rot  Necr/Pois/Air  0%         N/A       63%         2
 Ensorcelled Hibernation  Hex/Ice        0%         N/A       63%         2
 Sublimation of Blood     Necr           0%         N/A       63%         2
 Wereblood                Tmut           0%         N/A       63%         2
 Dazzling Flash           Conj/Hex       0%         N/A       85%         3
 Ignite Poison            Fire/Tmut/Pois 0%         N/A       85%         3
 Ozocubu's Armour         Ice            0%         N/A       85%         3
 Volatile Blastmotes      Fire/Tloc      0%         2d10      85%         3
 Anguish                  Hex/Necr       0%         N/A       99%         4
 Freezing Cloud           Conj/Ice/Air   0%         6-21      100%        5
 Starburst                Conj/Fire      0%         6d3       100%        6
 Ozocubu's Refrigeration  Ice            0%         4d7       100%        7
 Summon Hydra             Summ           0%         N/A       100%        7
 Maxwell's Capacitive Co  Air            0%         ∞         100%        8


Dungeon Overview and Level Annotations

Branches:
Dungeon (7/15)
 Temple: D:4-7

Altars:
Nemelex Xobeh


Innate Abilities, Weirdness & Mutations

You are a hulking beast.
Your limbs bulge with bestial killing power. (Slay +1)
You may rarely emit foul miasma when damaged in melee.
A meltable icy envelope protects you from harm. (AC +8)
A meltable shield of frost defends you. (SH +4)
Your touch may inflict irresistible damage on your foes.
You are agile. (Dex +4, Str/Int -1)
Your body sometimes deteriorates upon taking damage.


Message History

The very large slime creature is moderately wounded.
You hit the very large slime creature but do no damage.
You touch the very large slime creature.
The very large slime creature is moderately wounded.
The slime creature misses you.
You hit the very large slime creature but do no damage.
The very large slime creature is moderately wounded.
You barely miss the very large slime creature.
You punch the very large slime creature.
The very large slime creature is moderately wounded.
You hit the very large slime creature.
The very large slime creature is moderately wounded.
The very large slime creature hits you!!!
Ouch! That really hurt!
The slime creature misses you.
You barely miss the very large slime creature.
You touch the very large slime creature!
The very large slime creature is moderately wounded.
You hit the very large slime creature.
The very large slime creature is heavily wounded.
The very large slime creature hits you but does no damage.
The slime creature hits you.
You emit a cloud of foul miasma!
You hit the very large slime creature.
You touch the very large slime creature!
The very large slime creature is heavily wounded.
You hit the very large slime creature.
The very large slime creature is heavily wounded.
You hit the very large slime creature.
The very large slime creature is heavily wounded.
The very large slime creature completely misses you.
A slime creature comes into view.
The slime creature is engulfed in dark miasma.
The slime creature seems to slow down.
The slime creature closely misses you.
You hit the very large slime creature.
The very large slime creature is heavily wounded.
You hit the very large slime creature.
You touch the very large slime creature!
The very large slime creature is heavily wounded.
The very large slime creature hits you!!
You die...

......... ....#.
....[...##....>..!##.
......................
.....................J
....................# #
....................#.#
.............##.........
...............J.J......
...........###..h....#
......)....###..#....#
..#.....................
..#...............###...
.............#...... .#
#....).....#.##.###.# .
..##)#.......#..$ ...
#.###..##....# ...
#.<.....##...# ..


You could see a very large slime creature and 2 slime creatures.

Vanquished Creatures
  The ghost of MisterAzrael the Caller, a novice DESu of Kikubaaqudgha (D:6)
  A slime creature (D:7)
  Sigmund (D:4)
  Grinder (D:3)
  Eustachio (D:4)
  The ghost of Ofeo the Shooter, an amateur FoHu (D:3)
  A black bear (D:7)
  5 ice beasts
  2 centaurs
  5 phantoms
  4 ogres
  A kobold brigand (D:6)
  2 bullfrogs (D:6)
  5 scorpions
  3 howler monkeys
  3 hounds
  2 gnoll boudas
  2 orc priests
  A sleepcap (D:5)
  2 iguanas (D:5)
  Natasha (thrice) (D:2)
  2 orc wizards (D:5)
  2 bullfrog simulacra (D:6)
  Robin (D:2)
  12 gnolls
  4 adders
  2 shadow imps
  3 white imps
  An ufetubus (D:5)
  3 worms
  3 dart slugs
  19 orcs
  11 ball pythons
  4 bats
  7 endoplasms
  3 giant cockroaches (D:3)
  15 goblins
  7 hobgoblins
  10 jackals
  11 kobolds
  5 quokkas
  3 frilled lizards
  7 rats
182 creatures vanquished.

Vanquished Creatures (others)
  A ball python (D:4)
1 creature vanquished.

Grand Total: 183 creatures vanquished

Notes
Turn   | Place    | Note
-------+----------+-------------------------------------------
     0 | D:1      | IdlyInterested the Demonspawn Gladiator began the quest for
                  | the Orb.
     0 | D:1      | Reached XP level 1. HP: 16/16 MP: 1/1
    62 | D:1      | Gained mutation: A meltable shield of frost defends you.
                  | (SH +4) [demonic ancestry]
    62 | D:1      | Reached XP level 2. HP: 17/23 MP: 2/2
   512 | D:1      | Reached XP level 3. HP: 28/29 MP: 3/3
  1121 | D:2      | Gained mutation: Your body sometimes deteriorates upon
                  | taking damage. [potion of mutation]
  1121 | D:2      | Gained mutation: You are agile. (Dex +4, Str/Int -1)
                  | [potion of mutation]
  1214 | D:2      | Noticed Natasha
  1229 | D:2      | Killed Natasha
  1230 | D:2      | Gained mutation: Your touch may inflict minor irresistible
                  | damage on your foes. [demonic ancestry]
  1230 | D:2      | Reached XP level 4. HP: 18/37 MP: 4/4
  1300 | D:2      | Noticed Natasha
  1304 | D:2      | Killed Natasha
  1305 | D:2      | Reached skill level 1 in Armour
  1340 | D:2      | Noticed Natasha
  1354 | D:2      | Killed Natasha
  1355 | D:2      | Reached skill level 1 in Unarmed Combat
  1552 | D:2      | Found a faded altar of an unknown god.
  1561 | D:2      | Reached XP level 5. HP: 42/42 MP: 5/5
  1568 | D:2      | Reached skill level 1 in Stealth
  1626 | D:2      | Noticed Robin
  1648 | D:2      | Killed Robin
  2397 | D:3      | Found a transporter.
  2399 | D:3      | Noticed an ogre
  2399 | D:3      | Noticed Ofeo's ghost (amateur FoHu)
  2409 | D:3      | Noticed an ogre
  2435 | D:3      | Found a transporter.
  2645 | D:3      | Noticed Grinder
  2661 | D:3      | Paralysed by Grinder for 4 turns
  2664 | D:3      | HP: 2/42 [Grinder (6)]
  2665 | D:3      | Killed Grinder
  2666 | D:3      | Gained mutation: Your touch may inflict irresistible damage
                  | on your foes. [demonic ancestry]
  2666 | D:3      | Reached XP level 6. HP: 2/48 MP: 6/6
  3234 | D:3      | Reached skill level 5 in Unarmed Combat
  3234 | D:3      | Gained mutation: A meltable icy envelope protects you from
                  | harm. (AC +8) [demonic ancestry]
  3234 | D:3      | Reached XP level 7. HP: 54/54 MP: 7/7
  3238 | D:3      | Killed Ofeo's ghost
  3493 | D:4      | Noticed Sigmund
  3506 | D:4      | Killed Sigmund
  3507 | D:4      | Reached skill level 1 in Shapeshifting
  3710 | D:4      | Noticed Eustachio
  3744 | D:4      | Killed Eustachio
  3745 | D:4      | Gained mutation: A meltable icy envelope protects you from
                  | harm. (AC +8) [demonic ancestry]
  3745 | D:4      | Reached XP level 8. HP: 17/60 MP: 8/8
  4745 | D:5      | Entered Level 5 of the Dungeon
  5557 | D:5      | Reached skill level 5 in Short Blades
  5557 | D:5      | Reached XP level 9. HP: 65/65 MP: 9/9
  5574 | D:5      | Found a sparkling altar of Nemelex Xobeh.
  6267 | D:6      | Found a runed translucent gate.
  6267 | D:6      | Found a runed translucent gate.
  6267 | D:6      | Found a runed translucent gate.
  6555 | D:6      | Noticed MisterAzrael's ghost (novice DESu)
  7256 | D:6      | Killed MisterAzrael's ghost
  7274 | D:6      | Got the ring of the Meadowlark {Fire *Corrode Str+4}
  7571 | D:7      | Gained mutation: You may rarely emit foul miasma when
                  | damaged in melee. [demonic ancestry]
  7571 | D:7      | Reached XP level 10. HP: 65/71 MP: 10/10
  7586 | D:7      | Slain by a very large slime creature

Illustrated notes

Levels and vault maps discovered:
D:1:      tarquinn_simple_flora_water_e, layout_loops_corners
D:2:      layout_basic, ebering_ecumenical_altar_sacrificial,
          grunt_ministairs_7, uniq_robin, uniq_natasha
D:3:      layout_loops_ring, gammafunk_ghost_smash, kennysheep_generic_room_6,
          uniq_grinder
D:4:      layout_layer_cave, uniq_eustachio, uniq_sigmund
D:5:      layout_layer_cave, old_standard_altar, minmay_fractal_squares_5
D:6:      minmay_recursive_quarters, layout_basic, gammafunk_ghost_icy
D:7:      layout_cave_pools, mainiacjoe_overflow_surrounded_room,
          minmay_temple_entry_offerings, uniq_crazy_yiuf_cottage

Skill      XL: |  1  2  3  4  5  6  7  8  9 |
---------------+----------------------------+-----
Short Blades   | 3 5 8 |  8.0
Fighting       | 3 4 |  4.0
Throwing       | 2 |  2.0
Dodging        | 3 4 |  4.0
Armour         | 1 2 |  2.0
Unarmed Combat | 1 3 5 6 7 8 |  8.9
Stealth        | 1 2 |  2.0
Shapeshifting  | 2 |  2.0

Action                     |  1- 3 |  4- 6 |  7- 9 | 10-12 || total
---------------------------+-------+-------+-------+-------++-------
  Melee: Rapier            |   137 |    57 |       |       ||   194
         Punch             |     1 |     3 |    17 |     1 ||    22
         Touch             |       |    29 |    89 |     5 ||   123
         Dagger            |       |    64 |   359 |    16 ||   439
  Throw: Javelin           |       |     2 |     1 |       ||     3
         Stone             |       |     1 |    14 |       ||    15
    Use: Potion            |     2 |     3 |     1 |       ||     6
         Scroll            |       |     5 |     7 |       ||    12
   Stab: Sleeping          |       |     7 |     5 |       ||    12
         Invisible         |       |       |     4 |       ||     4
 Armour: Leather armour    |    25 |    13 |       |       ||    38
         Ring mail         |       |     6 |    93 |     2 ||   101
  Dodge: Dodged            |    84 |    53 |   169 |     6 ||   312
  Block: Other             |    20 |    13 |    45 |       ||    78
   Form: Beast             |       |       |     1 |       ||     1

Table legend: (Time is in decaauts)
 A = Elapsed time spent in this place.
 B = Non-inter-level travel time spent in this place.
 C = Inter-level travel time spent in this place.
 D = Time resting spent in this place.
 E = Time spent auto-exploring this place.
 F = Levels seen in this place.
 G = Mean time per level.
                   A        B        C        D        E       F      G
               +--------+--------+--------+--------+--------+-----+--------+
         Total |   7396 |   6188 |   1208 |    783 |   3785 |   7 | 1056.6 |
       Dungeon |   7396 |   6188 |   1208 |    783 |   3785 |   7 | 1056.6 |
               +--------+--------+--------+--------+--------+-----+--------+

Top non-repeatable levels by time:
     D:5: 1478 daAuts
     D:4: 1322 daAuts
     D:3: 1251 daAuts
     D:2: 1162 daAuts
     D:1: 1062 daAuts
     D:6: 1062 daAuts
     D:7: 58 daAuts
